 Dungeon Crawl Stone Soup version 0.30.1-11-g7821555f0a (webtiles) character file.

Game seed: 497939008180843735

673 RancidPinata the Trooper (level 7, -2/46 HPs)
             Began as a Gargoyle Gladiator on Dec 14, 2023.
             Slain by an ogre
             ... wielding a +0 giant club
              (24 damage)
             ... on level 4 of the Dungeon.
             The game lasted 00:17:39 (4228 turns).

RancidPinata the Trooper (Gargoyle Gladiator)       Turns: 4228, Time: 00:17:39

Health: -2/46      AC: 12    Str: 18    XL:     7   Next: 59%
Magic:  7/7        EV: 11    Int: 10    God:
Gold:   220        SH:  0    Dex: 17    Spells: 6/6 levels left

rFire   . . .        a - +1 flail
rCold   . . .        (no shield)
rNeg    + . .        s - +0 ring mail
rPois   ∞            c - +0 helmet
rElec   +            l - +0 cloak
rCorr   .            (no gloves)
SInv    .            (no boots)
Will    .....        (no amulet)
Stlth   +            u - +6 ring of dexterity
HPRegen 0.27/turn    (no ring)
MPRegen 0.10/turn

%: no passive effects
@: no status effects
A: sickness immunity, AC +4, negative energy resistance 1, electricity
resistance, torment resistance 1, petrification resistance
a: no special abilities


You were on level 4 of the Dungeon.
You visited 1 branch of the dungeon, and saw 4 of its levels.
You also visited: Ossuary.

You collected 220 gold pieces.

Inventory:

Hand Weapons
 a - a +1 flail (weapon)
Missiles
 d - a throwing net
 e - a javelin
 g - 2 atropa-tipped darts
 m - 6 poisoned darts (quivered)
 n - 27 stones
Armour
 b - a +0 leather armour
 c - a +0 helmet (worn)
 l - a +0 cloak (worn)
 s - a +0 ring mail (worn)
 w - a +0 crystal plate armour
Jewellery
 q - a ring of fire
 u - a +6 ring of dexterity (left hand)
Wands
 x - a wand of roots (8)
Scrolls
 f - a scroll of fog
 i - 2 scrolls of teleportation {unknown}
 k - a scroll of fear
 o - 2 scrolls of identify
 t - 4 scrolls of enchant weapon
 y - a scroll of torment
 C - a scroll of amnesia {unknown}
 E - a scroll of immolation {unknown}
 F - a scroll of poison {unknown}
 G - a scroll of enchant armour {unknown}
Potions
 h - 2 potions of might
 j - 3 potions of degeneration {unknown}
 p - a potion of lignification
 r - 2 potions of attraction {unknown}
 v - a potion of resistance {unknown}
 z - 4 potions of curing {unknown}
 A - a potion of mutation {unknown}
 B - a potion of heal wounds {unknown}
 D - a potion of brilliance {unknown}


   Skills:
 * Level 6.0 Fighting
 + Level 4.6 Maces & Flails
 + Level 3.5 Throwing
 + Level 3.6 Armour
 - Level 2.4 Dodging


You had 6 spell levels left.
You didn't know any spells.
Your spell library contained the following spells:

 Spells                   Type           Power      Damage    Failure   Level
 Ensorcelled Hibernation  Hex/Ice        0%         N/A       69%         2
 Passwall                 Tmut/Erth      0%         N/A       69%         2
 Swiftness                Air            0%         N/A       89%         3


Dungeon Overview and Level Annotations

Branches:
Dungeon (4/15)             Temple (0/1) D:4         Ossuary (visited)

Altars:

Shops:
D:3 [


Innate Abilities, Weirdness & Mutations

You are immune to sickness and miasma.
Your stone body is resilient. (AC +4)
You are immune to poison.
You resist negative energy. (rN+)
You are resistant to electric shocks. (rElec)
You are resistant to unholy torment.
You are immune to petrification.


Message History

You see here a +2 dagger of venom.
Throw: 10 darts (poison)
Press: ? - help, Q - select action, (/) - cycle Shift-Dir - straight line, f/p - ogre
Aim: an ogre, wielding a +0 giant club (heavily wounded, poisoned, 77% to hit)
You throw a poisoned dart.
The poisoned dart barely misses the ogre.
The ogre looks more healthy.
Throw: 9 darts (poison)
Press: ? - help, Q - select action, (/) - cycle Shift-Dir - straight line, f/p - ogre
Aim: an ogre, wielding a +0 giant club (severely wounded, 77% to hit)
You throw a poisoned dart. The poisoned dart hits the ogre.
The ogre is poisoned.
The ogre is severely wounded.
The ogre hits you with a +0 giant club!!
Ouch! That really hurt!
The ogre attacks as you move away! The ogre closely misses you.
There are no items here.
Throw: 8 darts (poison)
Press: ? - help, Q - select action, (/) - cycle Shift-Dir - straight line, f/p - ogre
Aim: an ogre, wielding a +0 giant club (almost dead, 77% to hit)
You throw a poisoned dart. The poisoned dart hits the ogre.
The ogre is almost dead.
The ogre attacks as you move away! The ogre hits you with a +0 giant club!
* * * LOW HITPOINT WARNING * * *
You see here a +2 dagger of venom.
You see here a poisoned dart.
You see here a poisoned dart.
You see here a +2 dagger of venom.
You see here a poisoned dart.
You see here a poisoned dart.
Throw: 7 darts (poison)
Press: ? - help, Q - select action, (/) - cycle Shift-Dir - straight line, f/p - ogre
Aim: an ogre, wielding a +0 giant club (severely wounded, 77% to hit)
You throw a poisoned dart. The poisoned dart hits the ogre.
The ogre is poisoned.
The ogre is severely wounded.
The ogre attacks as you move away!
The ogre hits you with a +0 giant club!!
Ouch! That really hurt!
You die...

#..####(....#
#..#....(...############
#..#.##.........goo....#
#..#.###...###########.#
#.............# #.##
##.#.####.###.# #...
#..(.....# #.########..#
#.#####).###...........#
#.# #@................
#.# #O###########<....
#.# ##(###########.....
#(####...........##.....
#.#..........###.##.....
#O#.##..####.# #.##.#..#
#.#.##..####.# #.##.#..#
#............# #.##.#..#
###.##.......###.##.....


You could see an ogre (poisoned).

Vanquished Creatures
  A scorpion (D:3)
  2 water moccasin zombies (Ossuary)
  A wight (Ossuary)
  2 bullfrog zombies (Ossuary)
  4 centaur zombies (Ossuary)
  A human zombie (Ossuary)
  An orc priest (D:4)
  A sleepcap (D:4)
  An orc wizard (D:3)
  2 ogre zombies (Ossuary)
  2 adders (D:3)
  A shadow imp (D:4)
  2 adder zombies (Ossuary)
  3 worms (D:2)
  3 dart slugs
  6 orcs
  2 endoplasms (D:3)
  4 giant cockroaches
  5 goblins
  4 hobgoblins
  3 jackals (D:1)
  2 quokkas
  9 ball pythons
  A frilled lizard (D:1)
  6 gnoll zombies (Ossuary)
  3 goblin zombies (Ossuary)
  5 hobgoblin zombies (Ossuary)
  6 kobolds
  3 orc zombies (Ossuary)
  A rat (D:2)
87 creatures vanquished.

Notes
Turn   | Place    | Note
-------+----------+-------------------------------------------
     0 | D:1      | RancidPinata the Gargoyle Gladiator began the quest for the
                  | Orb.
     0 | D:1      | Reached XP level 1. HP: 12/12 MP: 1/1
   238 | D:1      | Reached XP level 2. HP: 14/18 MP: 2/2
   983 | D:2      | Found a faded altar of an unknown god.
   999 | D:2      | Reached skill level 1 in Armour
  1007 | D:2      | Reached XP level 3. HP: 19/22 MP: 3/3
  1054 | D:2      | Reached skill level 3 in Fighting
  1931 | D:3      | Found Kuzatt's Armour Shop.
  2065 | D:3      | Noticed a scorpion
  2076 | D:3      | Killed a scorpion
  2077 | D:3      | Reached XP level 4. HP: 12/29 MP: 4/4
  2249 | D:3      | Reached XP level 5. HP: 33/33 MP: 5/5
  2420 | D:3      | Reached skill level 4 in Fighting
  2742 | D:4      | Found a staircase to the Ecumenical Temple.
  2750 | D:4      | Noticed an ogre
  2929 | D:4      | Reached XP level 6. HP: 23/39 MP: 6/6
  2936 | D:4      | Found a sand-covered staircase.
  2945 | Ossuary  | Entered an ossuary
  3390 | Ossuary  | Reached skill level 5 in Fighting
  3417 | Ossuary  | Reached XP level 7. HP: 26/44 MP: 7/7
  3436 | Ossuary  | HP: 2/44 [water moccasin zombie (6)]
  3740 | Ossuary  | Noticed a silent spectre
  3791 | D:4      | Reached skill level 6 in Fighting
  4228 | D:4      | Slain by an ogre

Illustrated notes

Levels and vault maps discovered:
D:1:      lightli_iron_boxes, layout_loops_ring
D:2:      layout_loops_ring, chequers_ecumenical_altar_island, serial_forest,
          infiniplex_forest_straight_4, infiniplex_forest_clump_small,
          infiniplex_forest_end_3, infiniplex_forest_clump_tiny,
          infiniplex_forest_lined_room_2, infiniplex_forest_clump_small,
          infiniplex_forest_clump_tiny, infiniplex_forest_clump_curved,
          infiniplex_forest_clump_long
D:3:      layout_loops_cross, serial_shops, shop
D:4:      layout_loops_ring, minmay_temple_entry_tees, enter_ossuary_2

Skill      XL: |  1  2  3  4  5  6  7 |
---------------+----------------------+-----
Throwing       | 2 3 |  3.5
Armour         | 1 2 3 |  3.6
Fighting       | 3 4 5 6 |  6.0
Maces & Flails | 4 |  4.6
Dodging        | |  2.4

Action                     |  1- 3 |  4- 6 |  7- 9 || total
---------------------------+-------+-------+-------++-------
  Melee: Flail             |   187 |   150 |    81 ||   418
         Punch             |     4 |     1 |       ||     5
  Throw: Throwing net      |     2 |     1 |       ||     3
         Dart              |       |       |     8 ||     8
    Use: Scroll            |       |     5 |       ||     5
         Potion            |       |     2 |       ||     2
 Armour: Leather armour    |    31 |       |       ||    31
         Ring mail         |    10 |   177 |    73 ||   260
         Skin              |       |    14 |       ||    14
  Dodge: Dodged            |    72 |   229 |    99 ||   400
